[Event "Titled Tuesday Blitz November 15 Late 2022"]
[White "Petrovic, Aleksa"]
[Black "Mladenovic, Stefan"]
[WhiteFideId "967629"]
[BlackFideId "942227"]
[WhiteElo "2224"]
[BlackElo "2337"]
[Result "1-0"]
[Round "03"]
[TimeControl "180+1"]
[Date "2022.11.16"]
[WhiteClock "0:01:35"]
[BlackClock "0:01:17"]

1. d4 Nf6 2. c4 e6 3. Nf3 b6 4. g3 Ba6 5. Qa4 Bb7 6. Bg2 c5 7. dxc5 Bxc5 8. O-O O-O 9. Nc3 Be7 10. Rd1 Qc8 11. Bf4 Na6 12. Nb5 Nc5 13. Qc2 Be4 14. Qd2 d5 15. Nd6 Bxd6 16. Bxd6 Rd8 17. Be7 Rd7 18. Bxf6 gxf6 19. cxd5 Rxd5 20. Qh6 Qd8 21. Rxd5 Bxd5 22. Rd1 Qe7 23. Rd4 Ne4 24. Nd2 Qc5 25. Nxe4 Qxd4 26. Nxf6+ Qxf6 27. Qxf6 Bxg2 28. Qg5+ Kf8 29. Kxg2 Rc8 30. Qh6+ Kg8 31. h4 Rc2 32. h5 Rxe2 33. Qf6 Kf8 34. h6 Ke8 35. Qh8+ Ke7 36. Qxh7 Rxb2 37. Qg7 1-0


[Site "https://www.chess.com"]

[Event "Titled Tuesday Blitz November 15 Late 2022"]
[White "Pham, Khoi"]
[Black "Rose, Felix"]
[WhiteFideId "1054988"]
[BlackFideId "5105722"]
[WhiteElo "2457"]
[BlackElo "2039"]
[Result "1-0"]
[Round "03"]
[TimeControl "180+1"]
[Date "2022.11.16"]
[WhiteClock "0:01:22"]
[BlackClock "0:00:19"]

1. d4 Nf6 2. c4 e6 3. Nc3 d5 4. cxd5 exd5 5. Bg5 c6 6. Qc2 Be7 7. e3 Nbd7 8. Bd3 h6 9. Bh4 Nh5 10. Bxe7 Qxe7 11. O-O-O Nb6 12. h3 Bd7 13. Nf3 O-O-O 14. Kb1 Kb8 15. Rc1 Rc8 16. a4 Nf6 17. a5 Nc4 18. Qa4 c5 19. Qa2 cxd4 20. Nxd4 Qb4 21. Bxc4 Rxc4 22. Nxd5 Rxc1+ 23. Rxc1 Bf5+ 24. Nxf5 Qe4+ 25. Ka1 Nxd5 26. Nd6 Qe6 27. e4 Qxd6 28. Qxd5 Qf4 29. Rc2 a6 30. f3 Rc8 31. Rxc8+ Kxc8 32. Qc5+ Kb8 33. Qf8+ Ka7 34. Qc5+ Ka8 35. Qd5 Qc1+ 36. Ka2 Qc7 37. e5 g6 38. f4 h5 39. g4 hxg4 40. hxg4 Ka7 41. f5 gxf5 42. gxf5 Ka8 43. e6 fxe6 44. fxe6 Qe7 45. Qd7 Qb4 46. e7 Qxa5+ 47. Kb1 Qe1+ 48. Kc2 Qe2+ 49. Kb3 Qb5+ 50. Qxb5 axb5 51. e8=Q+ 1-0


[Site "https://www.chess.com"]

[Event "Titled Tuesday Blitz November 15 Late 2022"]
[White "Pichot, Alan"]
[Black "Averjanov, Alexey"]
[WhiteFideId "110973"]
[BlackFideId "14109867"]
[WhiteElo "2845"]
[BlackElo "2616"]
[Result "1-0"]
[Round "03"]
[TimeControl "180+1"]
[Date "2022.11.16"]
[WhiteClock "0:02:20"]
[BlackClock "0:00:06"]

1. e4 c6 2. Nf3 d5 3. Nc3 Bg4 4. h3 Bxf3 5. Qxf3 e6 6. g3 dxe4 7. Nxe4 Nd7 8. Bg2 Ngf6 9. O-O Nxe4 10. Qxe4 Nf6 11. Qe2 g6 12. c3 Bg7 13. d4 O-O 14. a4 a5 15. Bd2 Nd5 16. Rfd1 Qb6 17. Be1 Rad8 18. Bf3 Rd7 19. h4 h5 20. Rd3 Rfd8 21. Qc2 c5 22. dxc5 Qxc5 23. Rad1 Nb4 24. Rxd7 Rxd7 25. Qe2 Rxd1 26. Qxd1 Nd5 27. Qb3 b6 28. Bd2 Kh7 29. Bxd5 exd5 30. Be3 Qc6 31. Bxb6 f5 32. Qb5 Qe6 33. Be3 d4 34. cxd4 f4 35. Bxf4 Bxd4 36. Qxa5 Bxb2 37. Qc7+ Kg8 38. Qb8+ Kh7 39. Qxb2 Qe1+ 40. Kg2 Qe4+ 41. Kh2 Qxa4 42. Qb7+ Kg8 43. Be5 1-0


[Site "https://www.chess.com"]

[Event "Titled Tuesday Blitz November 15 Late 2022"]
[White "Prithu Gupta"]
[Black "Iliaguev, Nisim"]
[WhiteFideId "46618546"]
[BlackFideId "2817276"]
[WhiteElo "2127"]
[BlackElo "2689"]
[Result "1/2-1/2"]
[Round "03"]
[TimeControl "180+1"]
[Date "2022.11.16"]
[WhiteClock "0:00:05"]
[BlackClock "0:00:45"]

1. d4 Nf6 2. c4 e6 3. Nf3 Bb4+ 4. Bd2 Qe7 5. Nc3 O-O 6. g3 b6 7. Bg2 Bb7 8. O-O Bxc3 9. Bxc3 Ne4 10. Rc1 Nxc3 11. Rxc3 d6 12. h4 Nd7 13. Nd2 Bxg2 14. Kxg2 e5 15. d5 f5 16. e4 f4 17. Qg4 Rae8 18. b4 Nf6 19. Qe2 Qd7 20. c5 bxc5 21. bxc5 Rb8 22. c6 Qf7 23. Rb3 Rxb3 24. axb3 Qg6 25. Ra1 f3+ 26. Nxf3 Nxe4 27. Rxa7 Nxf2 28. Qxf2 e4 29. Ng5 Rxf2+ 30. Kxf2 Qf6+ 31. Kg2 g6 32. Ra8+ Kg7 33. Ra7 Qb2+ 34. Kh3 e3 35. Rxc7+ Kf6 36. Rf7+ Ke5 37. c7 Qc1 38. Re7+ Kxd5 39. Rxe3 Qxc7 40. Rd3+ Ke5 41. Re3+ Kd5 42. Rd3+ Ke5 43. Re3+ Kf6 44. Rf3+ Ke5 45. Re3+ 1/2-1/2


[Site "https://www.chess.com"]

[Event "Titled Tuesday Blitz November 15 Late 2022"]
[White "Prydun, Andriy"]
[Black "Atanasov, Anthony"]
[WhiteFideId "14145898"]
[BlackFideId "2623897"]
[WhiteElo "2163"]
[BlackElo "2048"]
[Result "0-1"]
[Round "03"]
[TimeControl "180+1"]
[Date "2022.11.16"]
[WhiteClock "0:00:56"]
[BlackClock "0:00:04"]

1. d4 Nf6 2. Nc3 d5 3. Bf4 c5 4. e4 dxe4 5. d5 a6 6. a4 g6 7. Bc4 Bg7 8. Nge2 Bf5 9. O-O Nbd7 10. Re1 Nb6 11. Ba2 c4 12. d6 O-O 13. dxe7 Qxe7 14. a5 Rfd8 15. Qc1 Nbd5 16. Bxc4 Nxf4 17. Nxf4 Rac8 18. Bb3 Qe5 19. h3 Bh6 20. Nd3 Bxc1 21. Nxe5 Bxb2 22. Nxf7 Bxc3 23. Nxd8+ Kf8 24. Nxb7 Bxa1 25. Rxa1 Ke7 26. Rd1 Rc6 27. Nd8 Rc8 28. Nb7 Rc6 29. Nd8 Rc5 30. g4 Bd7 31. Nb7 Rb5 32. Nd6 Rxa5 33. Nxe4 Nxe4 34. Re1 Re5 35. f3 Bc6 36. fxe4 Rxe4 37. Ra1 Bb7 38. Kf2 Rf4+ 39. Ke2 Re4+ 40. Kd2 Kd6 41. Ra5 Rd4+ 42. Ke3 Rd1 43. h4 Rh1 44. h5 Rh3+ 45. Kf4 h6 46. hxg6 Rf3# 0-1


[Site "https://www.chess.com"]

[Event "Titled Tuesday Blitz November 15 Late 2022"]
[White "Przybylski, Wojciech"]
[Black "Grot, Blazej"]
[WhiteFideId "1117599"]
[BlackFideId "21835845"]
[WhiteElo "2221"]
[BlackElo "1822"]
[Result "1-0"]
[Round "03"]
[TimeControl "180+1"]
[Date "2022.11.16"]
[WhiteClock "0:01:20"]
[BlackClock "0:00:02"]

1. d4 d5 2. Nf3 Nf6 3. g3 c6 4. Bg2 Bf5 5. O-O e6 6. Nbd2 h6 7. a4 Bd6 8. a5 O-O 9. c3 Nbd7 10. h3 Bh7 11. Ne1 e5 12. e3 Re8 13. b4 exd4 14. exd4 Ne4 15. Nxe4 Bxe4 16. Nd3 Nf6 17. Nc5 Bxg2 18. Kxg2 Bxc5 19. dxc5 Ne4 20. Qd3 Qf6 21. Ra3 Rad8 22. Be3 Ng5 23. Bd4 Qe6 24. Rh1 Qe2 25. Qxe2 Rxe2 26. a6 Rd7 27. axb7 Rxb7 28. Rha1 Ree7 29. h4 Ne6 30. Be3 d4 31. cxd4 Rxb4 32. Ra4 Rxa4 33. Rxa4 Rb7 34. Ra6 Rb4 35. Rxc6 Nxd4 36. Rc8+ Kh7 37. Rc7 a5 38. Rxf7 a4 39. Ra7 Nc2 40. Bd2 Rc4 41. c6 a3 42. c7 a2 43. Rxa2 1-0


[Site "https://www.chess.com"]

[Event "Titled Tuesday Blitz November 15 Late 2022"]
[White "Quispe Santacruz, Javier"]
[Black "Kaufman, Raymond"]
[WhiteFideId "3800920"]
[BlackFideId "2015056"]
[WhiteElo "1930"]
[BlackElo "2321"]
[Result "1-0"]
[Round "03"]
[TimeControl "180+1"]
[Date "2022.11.16"]
[WhiteClock "0:00:31"]
[BlackClock "0:01:59"]

1. d4 Nf6 2. c4 e6 3. Nf3 Bb4+ 4. Nbd2 O-O 5. a3 Be7 6. e4 d6 7. Qc2 Nc6 8. b4 e5 9. d5 Nd4 10. Nxd4 exd4 11. Bd3 Ng4 12. O-O Bf6 13. Bb2 Re8 14. Nf3 a5 15. Bxd4 Bxd4 16. Nxd4 axb4 17. axb4 Rxa1 18. Rxa1 Qf6 19. Nb3 Qh4 20. h3 Ne5 21. Ra8 f5 22. exf5 Nf3+ 23. gxf3 Re1+ 24. Bf1 Qg5+ 25. Kh2 Qf4+ 26. Kg2 Qg5+ 27. Kh2 Rxf1 28. Rxc8+ Kf7 29. Rxc7+ Kf6 30. Qc3+ Kxf5 31. Rf7+ 1-0


[Site "https://www.chess.com"]

[Event "Titled Tuesday Blitz November 15 Late 2022"]
[White "Radovanovic, Dusan"]
[Black "Sargsyan, Anna M."]
[WhiteFideId "926868"]
[BlackFideId "13308130"]
[WhiteElo "2341"]
[BlackElo "2284"]
[Result "1-0"]
[Round "03"]
[TimeControl "180+1"]
[Date "2022.11.16"]
[WhiteClock "0:01:15"]
[BlackClock "0:00:58"]

1. e4 c6 2. d4 d5 3. e5 Bf5 4. h4 h5 5. Bd3 Bxd3 6. Qxd3 e6 7. Bg5 Qb6 8. Nd2 Ne7 9. Ne2 Nf5 10. c4 Bb4 11. b3 Bxd2+ 12. Qxd2 O-O 13. O-O Nd7 14. c5 Qc7 15. Ng3 Nxg3 16. fxg3 b6 17. Kh2 bxc5 18. Bf6 Kh7 19. Bxg7 Kxg7 20. Qg5+ Kh7 21. Rf6 Nxf6 22. exf6 Qxg3+ 23. Qxg3 Rg8 24. Qe5 Rg6 25. Qxh5+ Kg8 26. Qe5 cxd4 27. h5 Rg4 28. Kh3 1-0


[Site "https://www.chess.com"]

[Event "Titled Tuesday Blitz November 15 Late 2022"]
[White "Rangel, Daniel"]
[Black "Marcolino, Daniel Mattos"]
[WhiteFideId "2124475"]
[BlackFideId "2106841"]
[WhiteElo "2225"]
[BlackElo "2097"]
[Result "1-0"]
[Round "03"]
[TimeControl "180+1"]
[Date "2022.11.16"]
[WhiteClock "0:00:57"]
[BlackClock "0:00:13"]

1. d4 Nf6 2. c4 e6 3. Nc3 Bb4 4. e3 O-O 5. Ne2 d5 6. a3 Be7 7. Nf4 b6 8. cxd5 exd5 9. Bd3 Bb7 10. Qc2 h6 11. g4 Re8 12. h4 Ne4 13. Ncxd5 Bxd5 14. Nxd5 Qxd5 15. Bxe4 Qxe4 16. Qxe4 Bb4+ 17. axb4 Rxe4 18. Bd2 b5 19. f3 Re7 20. Kf2 Nd7 21. Ra5 a6 22. Rc1 Nb6 23. b3 g6 24. Rca1 Nd5 25. Rxa6 Rae8 26. Ra8 Rxa8 27. Rxa8+ Kg7 28. Ra7 h5 29. g5 Rd7 30. e4 Ne7 31. d5 Nc8 32. Bc3+ Kh7 33. Rb7 Nd6 34. Rb8 1-0


[Site "https://www.chess.com"]

[Event "Titled Tuesday Blitz November 15 Late 2022"]
[White "Reprintsev, Alexander"]
[Black "Thiel, Thomas"]
[WhiteFideId "14100541"]
[BlackFideId "4615964"]
[WhiteElo "2230"]
[BlackElo "2233"]
[Result "1-0"]
[Round "03"]
[TimeControl "180+1"]
[Date "2022.11.16"]
[WhiteClock "0:00:54"]
[BlackClock "0:01:10"]

1. e4 d5 2. exd5 Nf6 3. d4 Nxd5 4. c4 Nb6 5. Nc3 e5 6. Nf3 exd4 7. Nxd4 Bb4 8. Nb5 Qxd1+ 9. Kxd1 Na6 10. a3 Be7 11. Bf4 O-O 12. Nxc7 Rd8+ 13. Kc1 Nxc7 14. Bxc7 Bg5+ 15. f4 Rd7 16. Bxb6 Bxf4+ 17. Kc2 axb6 18. Bd3 Rc7 19. Nd5 Bd6 20. Nxc7 Bxc7 21. g3 Be6 22. Rhe1 Rc8 23. a4 Bd6 24. b3 Bc5 25. Rad1 g6 26. Be4 Rc7 27. Rd8+ Kg7 28. Kc3 Bc8 29. Bd5 Be7 30. Rxe7 1-0


[Site "https://www.chess.com"]

[Event "Titled Tuesday Blitz November 15 Late 2022"]
[White "Riff, Vincent"]
[Black "Suich, Peter D"]
[WhiteFideId "617776"]
[BlackFideId "2050366"]
[WhiteElo "2369"]
[BlackElo "2384"]
[Result "1-0"]
[Round "03"]
[TimeControl "180+1"]
[Date "2022.11.16"]
[WhiteClock "0:00:54"]
[BlackClock "0:01:10"]

1. e4 c6 2. Nf3 d5 3. Nc3 dxe4 4. Nxe4 Nf6 5. Qe2 Bf5 6. Nxf6+ gxf6 7. d3 Nd7 8. g3 e6 9. Bg2 Bc5 10. O-O h5 11. Nh4 Bg4 12. Qe1 e5 13. c3 Qe7 14. b4 Bb6 15. a4 a5 16. b5 Nc5 17. bxc6 Nxd3 18. cxb7 Rd8 19. Qe4 Nc5 20. Qc6+ Nd7 21. Ba3 Bc5 22. Bxc5 Qxc5 23. Qe4 Ke7 24. Rab1 Nb6 25. Rb5 Qd6 26. h3 Be6 27. Rfb1 Nd5 28. Rxd5 Qxd5 29. Qxd5 Bxd5 30. Bxd5 Kd6 31. c4 Kc7 32. Nf5 Rhg8 33. Rb5 Rg5 34. Ne7 h4 35. g4 e4 36. Nc6 1-0


[Site "https://www.chess.com"]

[Event "Titled Tuesday Blitz November 15 Late 2022"]
[White "Rodriguez Fontecha, Marcos"]
[Black "Figorito, Nick"]
[WhiteFideId "2256576"]
[BlackFideId "30923689"]
[WhiteElo "2263"]
[BlackElo "2353"]
[Result "1-0"]
[Round "03"]
[TimeControl "180+1"]
[Date "2022.11.16"]
[WhiteClock "0:01:20"]
[BlackClock "0:00:06"]

1. Nf3 Nf6 2. g4 g6 3. g5 Nd5 4. e4 Nb6 5. a4 a5 6. h4 h6 7. d4 hxg5 8. Bxg5 Bg7 9. c3 d5 10. e5 Bg4 11. Rg1 Bh5 12. Be2 c6 13. Nbd2 Qc7 14. Qc2 e6 15. Nh2 Bxe2 16. Kxe2 N8d7 17. Ng4 Nc8 18. Rg3 Ne7 19. Rf3 Nf5 20. Rh1 c5 21. Qd3 cxd4 22. cxd4 Rc8 23. Ne3 Nxe3 24. fxe3 Qc2 25. b3 Qxd3+ 26. Kxd3 Bh6 27. Rhf1 Bxg5 28. hxg5 Rh7 29. e4 Nb6 30. exd5 Nxd5 31. Ne4 Ke7 32. Nd6 Rc3+ 33. Kd2 Rh2+ 34. R3f2 Rxb3 35. Rxh2 Rb2+ 36. Kd3 Rxh2 37. Rxf7+ Kd8 38. Nxb7+ Kc8 39. Nxa5 Rh3+ 40. Kc4 Ra3 41. Kb5 Rd3 42. Nc6 Rb3+ 43. Kc5 Rc3+ 44. Kd6 Rxc6+ 45. Kxc6 Nb4+ 46. Kd6 Nc2 47. Kxe6 Nxd4+ 48. Kf6 Kd8 49. Kxg6 Ke8 50. Kf6 Nf3 51. g6 Nh4 52. g7 Ng6 53. g8=Q+ Nf8 54. Qxf8# 1-0


[Site "https://www.chess.com"]

[Event "Titled Tuesday Blitz November 15 Late 2022"]
[White "Rorrer, Grayson"]
[Black "Fernandez Siles, Luis"]
[WhiteFideId "30944996"]
[BlackFideId "2209420"]
[WhiteElo "2130"]
[BlackElo "2186"]
[Result "1-0"]
[Round "03"]
[TimeControl "180+1"]
[Date "2022.11.16"]
[WhiteClock "0:00:39"]
[BlackClock "0:00:12"]

1. e4 c5 2. Nf3 Nc6 3. Bb5 g6 4. O-O Bg7 5. c3 Nf6 6. Re1 O-O 7. d4 d5 8. e5 Ne4 9. Be3 Qb6 10. Bxc6 Qxc6 11. dxc5 Nxc5 12. Nd4 Qa4 13. b3 Qa6 14. Nf5 Bxf5 15. Bxc5 Rfe8 16. Nd2 Rac8 17. Bd4 b6 18. a4 Bh6 19. Nf1 Qd3 20. Ne3 Qxd1 21. Nxd1 Bc2 22. b4 Bd2 23. Re2 Bxd1 24. Rxd2 Bg4 25. a5 Ra8 26. h3 Bd7 27. axb6 axb6 28. Rxa8 Rxa8 29. Bxb6 Ra1+ 30. Kh2 Bc6 31. Bd4 Kf8 32. b5 Bb7 33. b6 Ke8 34. h4 Rc1 35. Ra2 Kd7 36. Kg3 h5 37. Kf4 Re1 38. g3 Re4+ 39. Kg5 Rg4+ 40. Kh6 Re4 41. Ra7 Kc6 42. Kg7 f6 43. exf6 exf6 44. Kxg6 1-0


[Site "https://www.chess.com"]

[Event "Titled Tuesday Blitz November 15 Late 2022"]
[White "Sabuk, Piotr"]
[Black "Leschinsky, Gary"]
[WhiteFideId "1137565"]
[BlackFideId "30951321"]
[WhiteElo "2326"]
[BlackElo "1855"]
[Result "1-0"]
[Round "03"]
[TimeControl "180+1"]
[Date "2022.11.16"]
[WhiteClock "0:01:33"]
[BlackClock "0:00:38"]

1. Nf3 d5 2. d4 Nf6 3. c4 c6 4. g3 dxc4 5. Bg2 g6 6. O-O Bg7 7. a4 a5 8. Na3 Ne4 9. Nxc4 Nd6 10. b3 O-O 11. Ba3 Be6 12. Rc1 Bd5 13. Re1 Ne4 14. Nfe5 Nd7 15. Nxd7 Qxd7 16. Nb6 Qf5 17. f3 Bh6 18. e3 Ng5 19. e4 Nh3+ 20. Bxh3 Qxh3 21. Nxa8 1-0


[Site "https://www.chess.com"]

[Event "Titled Tuesday Blitz November 15 Late 2022"]
[White "Salman, Pavel"]
[Black "Svane, Frederik"]
[WhiteFideId "24153753"]
[BlackFideId "12923044"]
[WhiteElo "2187"]
[BlackElo "2466"]
[Result "0-1"]
[Round "03"]
[TimeControl "180+1"]
[Date "2022.11.16"]
[WhiteClock "0:01:15"]
[BlackClock "0:02:22"]

1. Nf3 d5 2. g3 Nd7 3. Bg2 e5 4. d3 Ngf6 5. O-O c6 6. Nbd2 Bc5 7. e4 dxe4 8. dxe4 O-O 9. Qe2 a5 10. a4 b6 11. Rd1 Qe7 12. Nb3 Ba6 13. c4 h6 14. Nh4 Qe6 15. Nxc5 Nxc5 16. Nf5 Bxc4 17. Qe3 Rad8 18. Rxd8 Rxd8 19. Bf3 Nfxe4 20. Kg2 Qxf5 0-1


[Site "https://www.chess.com"]

[Event "Titled Tuesday Blitz November 15 Late 2022"]
[White "Sanal, Vahap"]
[Black "Milikow, Yoav"]
[WhiteFideId "6300545"]
[BlackFideId "2822237"]
[WhiteElo "2574"]
[BlackElo "2341"]
[Result "1-0"]
[Round "03"]
[TimeControl "180+1"]
[Date "2022.11.15"]
[WhiteClock "0:01:45"]
[BlackClock "0:00:17"]

1. Nf3 d5 2. b3 c5 3. Bb2 Nc6 4. e3 a6 5. d4 Nf6 6. Nbd2 e6 7. a3 cxd4 8. exd4 Bd6 9. Bd3 O-O 10. O-O b6 11. Ne5 Bb7 12. f4 b5 13. Qf3 Qb6 14. Qe3 g6 15. Rae1 Rac8 16. h3 Bb8 17. g4 Ba7 18. Nxc6 Qxc6 19. f5 exf5 20. gxf5 Rce8 21. Qh6 Qd6 22. Kg2 Bb8 23. Re5 Nd7 24. Nf3 Nxe5 25. Ng5 1-0


[Site "https://www.chess.com"]

[Event "Titled Tuesday Blitz November 15 Late 2022"]
[White "Santos Flores, Alberto"]
[Black "Zwirs, Nico"]
[WhiteFideId "3601234"]
[BlackFideId "1036432"]
[WhiteElo "2235"]
[BlackElo "2381"]
[Result "1-0"]
[Round "03"]
[TimeControl "180+1"]
[Date "2022.11.16"]
[WhiteClock "0:00:34"]
[BlackClock "0:00:22"]

1. d4 Nf6 2. Nf3 d5 3. c4 e6 4. Nc3 a6 5. c5 b6 6. cxb6 cxb6 7. Bf4 Bd6 8. Bxd6 Qxd6 9. e3 O-O 10. Bd3 Nc6 11. O-O Bd7 12. Qe2 b5 13. a4 b4 14. Nb1 a5 15. Nbd2 Rfc8 16. Nb3 e5 17. dxe5 Nxe5 18. Nxe5 Qxe5 19. Nd4 g6 20. h3 Kg7 21. Bb5 Qe8 22. Rac1 Ne4 23. Rfd1 Nc5 24. b3 Bxb5 25. Qxb5 Qxb5 26. axb5 Ne4 27. Rxc8 Rxc8 28. Ra1 Ra8 29. Nc6 Nd2 30. b6 Ra6 31. b7 Rb6 32. b8=Q Rxb8 33. Nxb8 Nxb3 34. Ra2 Kf6 35. Nc6 Nc1 36. Rxa5 b3 37. Rb5 1-0


[Site "https://www.chess.com"]

[Event "Titled Tuesday Blitz November 15 Late 2022"]
[White "Sarana, Alexey"]
[Black "Makridis, Dimitrios"]
[WhiteFideId "24133795"]
[BlackFideId "25864475"]
[WhiteElo "2708"]
[BlackElo "2272"]
[Result "1-0"]
[Round "03"]
[TimeControl "180+1"]
[Date "2022.11.15"]
[WhiteClock "0:00:04"]
[BlackClock "0:00:03"]

1. c4 e6 2. Nc3 d5 3. d4 h6 4. cxd5 exd5 5. Bf4 c6 6. e3 Ne7 7. Nf3 Ng6 8. Bg3 Bd6 9. Bd3 O-O 10. Qc2 Ne7 11. O-O Bxg3 12. hxg3 Nd7 13. b4 a6 14. a4 Nb6 15. Ne2 Qd6 16. b5 cxb5 17. axb5 a5 18. Qc5 Rd8 19. Ne5 f6 20. Nf3 Bg4 21. Rfc1 a4 22. Qxd6 Rxd6 23. Nc3 Bf5 24. Be2 Ra5 25. Ra3 Rd8 26. Nd2 Rda8 27. Rca1 Nec8 28. Bf3 Be6 29. Nb3 R5a7 30. Nc5 Bf7 31. N5xa4 Nd6 32. R3a2 Nxa4 33. Rxa4 Rxa4 34. Rxa4 Rxa4 35. Nxa4 Nxb5 36. Kf1 Kf8 37. Nc5 Nd6 38. Nd7+ Ke7 39. Nb6 Ne4 40. Bd1 Kd6 41. f3 Nd2+ 42. Ke2 Nc4 43. Na4 b5 44. Nc5 Kc6 45. Bb3 Kb6 46. Kd3 Ka5 47. Kc3 b4+ 48. Kd3 Kb5 49. e4 dxe4+ 50. fxe4 Nb2+ 51. Kc2 Bxb3+ 52. Nxb3 Nc4 53. Kd3 Na5 54. Nxa5 Kxa5 55. d5 Ka4 56. d6 b3 57. d7 b2 58. Kc2 Ka3 59. d8=Q 1-0


[Site "https://www.chess.com"]

[Event "Titled Tuesday Blitz November 15 Late 2022"]
[White "Sariego Figueredo, Wilfredo"]
[Black "Antonio, Jorge Carlos"]
[WhiteFideId "3500080"]
[BlackFideId "113190"]
[WhiteElo "2309"]
[BlackElo "2247"]
[Result "1-0"]
[Round "03"]
[TimeControl "180+1"]
[Date "2022.11.16"]
[WhiteClock "0:00:15"]
[BlackClock "0:00:39"]

1. d4 d5 2. Bf4 c6 3. e3 Bf5 4. Bd3 Bxd3 5. cxd3 e6 6. Nc3 Bd6 7. Be5 Bxe5 8. dxe5 Ne7 9. Nf3 Nd7 10. O-O O-O 11. d4 c5 12. Nb5 Nc8 13. Qc2 a6 14. Nc3 Qc7 15. Rfc1 cxd4 16. exd4 Ne7 17. Na4 Qxc2 18. Rxc2 Rac8 19. Rac1 Rxc2 20. Rxc2 Rc8 21. Rxc8+ Nxc8 22. Kf1 Kf8 23. Ke2 Ke7 24. Kd3 b5 25. Nc3 Ncb6 26. b3 Nb8 27. Ne1 Nc6 28. Nc2 Kd7 29. f4 f6 30. a3 f5 31. Ne1 Na5 32. Kc2 Nc8 33. Nd3 Nb7 34. Ne2 Kc6 35. Nec1 Ne7 36. b4 Nc8 37. Kc3 Nb6 38. Nb2 Nc4 39. Nxc4 dxc4 40. a4 Kd5 41. axb5 axb5 42. Ne2 Ke4 43. Kd2 Nd8 44. g3 Nc6 45. Kc3 Ke3 46. Ng1 Nxd4 47. Nh3 h6 48. Ng1 Ne2+ 49. Nxe2 Kxe2 50. g4 Kf3 51. gxf5 exf5 52. e6 Kxf4 53. e7 g5 54. e8=Q Kg4 55. Qg6 f4 56. Qxh6 f3 57. Qf6 Kh3 58. Qxf3+ Kxh2 59. Qg4 Kh1 60. Qxg5 Kh2 61. Qxb5 1-0


[Site "https://www.chess.com"]

[Event "Titled Tuesday Blitz November 15 Late 2022"]
[White "Saveliev, Alexei"]
[Black "Quirke, Jeffrey"]
[WhiteFideId "24128546"]
[BlackFideId "2013029"]
[WhiteElo "2290"]
[BlackElo "2214"]
[Result "1-0"]
[Round "03"]
[TimeControl "180+1"]
[Date "2022.11.16"]
[WhiteClock "0:00:04"]
[BlackClock "0:00:04"]

1. c4 c6 2. Nc3 d5 3. cxd5 cxd5 4. d4 Nf6 5. Nf3 Nc6 6. Bg5 Ne4 7. Bh4 Nxc3 8. bxc3 Qa5 9. Qd2 Bf5 10. e3 e6 11. Bd3 Bxd3 12. Qxd3 Ba3 13. O-O O-O 14. Rab1 b6 15. Nd2 Be7 16. Bxe7 Nxe7 17. c4 Rfc8 18. a3 Qa6 19. Rfc1 h6 20. h3 Nf5 21. Qb3 dxc4 22. Nxc4 Qb7 23. Ne5 Nh4 24. f3 Nf5 25. Kf2 h5 26. g4 Nh4 27. e4 Qe7 28. Qe3 Qf6 29. g5 Qe7 30. Kg3 Ng6 31. Nxg6 fxg6 32. Qf4 Rf8 33. Qe5 Rf7 34. Rb3 Rf5 35. exf5 Qxg5+ 36. Kh2 Qxc1 37. Qxe6+ Kh8 38. Re3 Rf8 39. fxg6 Qc2+ 40. Re2 Qd3 41. Qe4 Qxa3 42. Kg3 Qd6+ 43. Qe5 Qxe5+ 44. dxe5 Rf6 45. exf6 gxf6 46. Re7 Kg8 47. Kf4 b5 48. Kf5 b4 49. Kxf6 b3 50. Re8# 1-0


[Site "https://www.chess.com"]

[Event "Titled Tuesday Blitz November 15 Late 2022"]
[White "Saydaliev, Saidakbar"]
[Black "Krallis, Christos"]
[WhiteFideId "14203693"]
[BlackFideId "4298896"]
[WhiteElo "2276"]
[BlackElo "2243"]
[Result "1-0"]
[Round "03"]
[TimeControl "180+1"]
[Date "2022.11.16"]
[WhiteClock "0:00:21"]
[BlackClock "0:00:06"]

1. Nf3 Nf6 2. b3 g6 3. Bb2 Bg7 4. g3 O-O 5. Bg2 c5 6. c4 Nc6 7. O-O d6 8. d4 Ne4 9. e3 f5 10. Nbd2 Nxd2 11. Qxd2 e5 12. dxe5 dxe5 13. Qd5+ Qxd5 14. cxd5 Nb4 15. Nxe5 Re8 16. Nc4 Bxb2 17. Nxb2 Bd7 18. Rfd1 Rad8 19. a3 Na6 20. Nc4 b6 21. Re1 Nc7 22. Rad1 Bb5 23. d6 Ne6 24. a4 Bxc4 25. bxc4 Kg7 26. Bc6 Rf8 27. f3 Rf6 28. Rd3 g5 29. Red1 f4 30. Re1 fxe3 31. Rexe3 Nd4 32. Bd5 Rdxd6 33. Re7+ Kh6 34. Be4 g4 35. Rxh7+ Kg5 36. f4+ Rxf4 37. gxf4+ Kxf4 38. Bd5 Rf6 39. Kg2 Nc2 40. Re7 Nd4 41. Rf7 Rxf7 42. Bxf7 Ke4 43. Rg3 Kf4 44. Bd5 Nf5 45. Ra3 Ne3+ 46. Kf2 Nc2 47. Ra2 Nb4 48. Rd2 a5 49. Re2 Nd3+ 50. Kg2 Nc1 51. Re6 Na2 52. Rxb6 Nc3 53. Ra6 Ke5 54. Rxa5 Kd4 55. Ra8 Ne2 56. a5 Nf4+ 57. Kg3 Ne2+ 58. Kxg4 1-0


[Site "https://www.chess.com"]

[Event "Titled Tuesday Blitz November 15 Late 2022"]
[White "Silva Lucena, Cristian"]
[Black "Sattarov, Bobir"]
[WhiteFideId "2232588"]
[BlackFideId "14203081"]
[WhiteElo "2478"]
[BlackElo "2730"]
[Result "0-1"]
[Round "03"]
[TimeControl "180+1"]
[Date "2022.11.16"]
[WhiteClock "0:00:02"]
[BlackClock "0:00:38"]

1. e4 e5 2. Nf3 Nc6 3. Nc3 Nf6 4. g3 Nxe4 5. Nxe4 d5 6. Nc3 d4 7. Bg2 dxc3 8. bxc3 Bd6 9. O-O O-O 10. d3 Bg4 11. h3 Bh5 12. g4 Bg6 13. Ng5 Rb8 14. h4 Be7 15. Qe2 h6 16. h5 Bxd3 17. cxd3 Bxg5 18. Be4 Re8 19. Qf3 Bxc1 20. Raxc1 Qg5 21. Rb1 Nd8 22. Qf5 b6 23. Rb5 c5 24. a4 Ne6 25. a5 Qxf5 26. gxf5 Nc7 27. Rb3 b5 28. Kg2 a6 29. Kf3 Kf8 30. Rg1 Red8 31. Ke3 Rd6 32. f4 exf4+ 33. Kxf4 Re8 34. Rb2 Nd5+ 35. Kf3 Nxc3 36. Rbg2 Nxe4 37. dxe4 Rd3+ 38. Kf4 Rd4 39. Rxg7 Rexe4+ 40. Kf3 Rf4+ 41. Ke3 Rde4+ 42. Kd3 c4+ 43. Kc3 Rxf5 44. Rg8+ Ke7 45. Ra8 Re6 46. Rg7 Kf6 47. Rh7 Kg5 48. Rg8+ Kxh5 49. Rhg7 Rg5 0-1


[Site "https://www.chess.com"]

[Event "Titled Tuesday Blitz November 15 Late 2022"]
[White "Sivakumar, Shaashwath"]
[Black "Do Nascimento,Christian Almeida"]
[WhiteFideId "30912156"]
[BlackFideId "2143801"]
[WhiteElo "2137"]
[BlackElo "2079"]
[Result "1-0"]
[Round "03"]
[TimeControl "180+1"]
[Date "2022.11.16"]
[WhiteClock "0:00:56"]
[BlackClock "0:00:57"]

1. d4 Nf6 2. Bf4 g6 3. Nc3 Bg7 4. e4 d6 5. Qd2 O-O 6. O-O-O c6 7. Bh6 b5 8. f3 Qa5 9. h4 b4 10. Nb1 Be6 11. h5 Bxa2 12. g4 Bxb1 13. Kxb1 Nbd7 14. Bxg7 Kxg7 15. hxg6 fxg6 16. Qh6+ Kg8 17. e5 dxe5 18. Bc4+ Kh8 19. g5 Nh5 20. Rxh5 gxh5 21. g6 Rf7 22. Bxf7 1-0


[Site "https://www.chess.com"]

[Event "Titled Tuesday Blitz November 15 Late 2022"]
[White "Sohal, Tanraj"]
[Black "Shapiro, Daniel"]
[WhiteFideId "2608499"]
[BlackFideId "2001780"]
[WhiteElo "2200"]
[BlackElo "2322"]
[Result "1-0"]
[Round "03"]
[TimeControl "180+1"]
[Date "2022.11.16"]
[WhiteClock "0:00:54"]
[BlackClock "0:00:01"]

1. e4 e5 2. Nf3 Nc6 3. Bc4 Be7 4. d4 d6 5. O-O Nf6 6. d5 Nb8 7. Qe2 O-O 8. Bd3 Ne8 9. c4 g6 10. Bh6 Ng7 11. Nc3 a5 12. h3 Na6 13. g4 Nc5 14. Bc2 Bd7 15. Kg2 a4 16. Rh1 Kh8 17. Rag1 f6 18. Kf1 c6 19. h4 Qc8 20. g5 Bg4 21. gxf6 Rxf6 22. Bxg7+ Kxg7 23. Rg3 h5 24. Qe3 Qf8 25. Ng5 Rf4 26. Ne2 Bxg5 27. hxg5 Bxe2+ 28. Kxe2 Qe7 29. Rh2 Raf8 30. b4 axb3 31. axb3 cxd5 32. cxd5 Rc8 33. Kd2 Qc7 34. b4 Nxe4+ 35. Bxe4 Qc1+ 36. Ke2 Qa1 37. Rh1 Qb2+ 38. Kf1 Rc1+ 39. Kg2 Rxh1 40. Kxh1 Qxb4 41. f3 Qb2 42. Rg2 Qa1+ 43. Kh2 Qd4 44. Qxd4 exd4 45. Rd2 d3 46. Rxd3 1-0


[Site "https://www.chess.com"]